 Dungeon Crawl Stone Soup version 0.22.0-38-g04b72b8c25 (webtiles) character file.

732 Gunterle the Skirmisher (level 7, 0/55 HPs)
             Began as a Mummy Abyssal Knight on Aug 27, 2018.
             Was a Believer of Lugonu.
             Killed from afar by a dart slug (5 damage)
             ... with a slug dart
             ... on level 5 of the Dungeon.
             The game lasted 00:15:25 (4907 turns).

Gunterle the Skirmisher (Mummy Abyssal Knight)      Turns: 4907, Time: 00:15:25

Health: 0/55       AC:  0    Str: 18    XL:     7   Next: 45%
Magic:  9/9        EV: 11    Int: 11    God:    Lugonu [**....]
Gold:   189        SH:  0    Dex: 11    Spells: 6/6 levels left

rFire    x . .     SeeInvis .   y - +8 trident of the Octopus King {venom, rElec rPois MR+}
rCold    + + .     Gourm    .   (no shield)
rNeg     + + +     Faith    .   (no armour)
rPois    ∞         Spirit   .   (no helmet)
rElec    +         Reflect  .   (no cloak)
rCorr    .         Harm     .   (no gloves)
MR       +....                  (no boots)
Stlth    +.........             (no amulet)
HPRegen  0.18/turn              k - ring of protection from cold
MPRegen  0.11/turn              (no ring)

@: no status effects
A: no food or potions, fire vulnerability, cold resistance 1, negative energy
resistance 3, torment resistance, unbreathing
a: Depart the Abyss, Bend Space, Renounce Religion


You were on level 5 of the Dungeon.
You worshipped Lugonu.
Lugonu was pleased with you.
You were not hungry.

You visited 1 branch of the dungeon, and saw 5 of its levels.
You visited the Abyss 1 time.

You collected 189 gold pieces.

Inventory:

Hand Weapons
 a - a +1 falchion
 c - a +0 hunting sling
 t - a cursed -3 dagger
 w - a +1 short sword of flaming
 y - the +8 trident of the Octopus King (weapon) {venom, rElec rPois MR+}
   (You found it on level 4 of the Dungeon)

   It poisons the flesh of those it strikes.
   It insulates you from electricity.
   It protects you from poison.
   It affects your resistance to hostile enchantments.
Missiles
 e - 107 stones (quivered)
 f - 54 bolts
 h - 37 arrows
 p - 3 tomahawks
 q - 41 sling bullets
 s - 18 poisoned needles
Armour
 i - a +0 buckler
 o - a +0 large shield
 A - a +3 leather armour of poison resistance
Jewellery
 k - a ring of protection from cold (left hand)
Wands
 l - a wand of iceblast (10)
 n - a wand of polymorph (18)
 z - a wand of enslavement (16)
Scrolls
 b - 5 scrolls of identify
 d - 2 scrolls of remove curse
 g - 2 scrolls of teleportation
 m - a scroll of noise
 r - a scroll of enchant armour
 u - 4 scrolls of immolation
 v - a scroll of random uselessness
 x - a scroll of amnesia


   Skills:
 + Level 4.8 Fighting
 * Level 4.6 Long Blades
 + Level 3.2 Armour
 - Level 0.7 Dodging
 + Level 3.6 Invocations


You had 6 spell levels left.
You didn't know any spells.
Your spell library was empty.

Dungeon Overview and Level Annotations

Branches:
Dungeon (5/15)
 Temple: D:4-7

Altars:
Ashenzari
Cheibriados
Gozag
Makhleb
Nemelex Xobeh
Okawaru
Wu Jian
Yredelemnul


Innate Abilities, Weirdness & Mutations

You do not eat or drink.
Your flesh is vulnerable to fire.
You are immune to poison.
Your flesh is cold resistant. (rC+)
You are immune to negative energy. (rN+++)
You are immune to unholy pain and torment.
You can survive without breathing.


Message History

The slug dart hits you!
* * * LOW HITPOINT WARNING * * *
The dart slug launches a dart at you. The slug dart hits you!
* * * LOW HITPOINT WARNING * * *
The dart slug launches a dart at you. The slug dart misses you.
The dart slug closely misses you. The dart slug bites you.
* * * LOW HITPOINT WARNING * * *
The dart slug launches a dart at you. The slug dart misses you.
The dart slug closely misses you. The dart slug barely misses you.
The dart slug launches a dart at you. The slug dart hits you!
* * * LOW HITPOINT WARNING * * *
The dart slug launches a dart at you. The slug dart hits you!
You die...

#### ## ### ########.. ..
##.#######......... .#
#.#........######.# .#
...........# #.# .#
##.#######.######.####.##
##.# #.#............#
##.# #......@w......#
##.# #...####.####..#
##.## #...# #.# ..# ##..#
#...# #.. ....
###.######...# #### .....
........##...# #.....w
###.###.##..#######
......
..............>....#
######
###.###.##..######.#


You could see a dart slug.

Vanquished Creatures
  Eustachio (D:5)
  A phantom (D:4)
  2 scorpions
  A crimson imp (D:4)
  3 hounds
  2 orc priests (D:4)
  An iguana (D:5)
  2 worker ants (D:4)
  2 howler monkey skeletons
  6 adders
  2 oozes
  A worm (D:4)
  3 dart slugs
  A leopard gecko (D:1)
  5 orcs (D:3)
  4 giant cockroaches
  2 gnoll zombies (D:4)
  3 hobgoblins
  9 kobolds
  4 quokkas
  A ball python (D:1)
  5 bats
  4 frilled lizards
  3 goblins
  6 rats
74 creatures vanquished.

Notes
Turn   | Place    | Note
-------+----------+-------------------------------------------
     0 | Abyss:1  | Gunterle the Mummy Abyssal Knight began the quest for the Orb.
     0 | Abyss:1  | Reached XP level 1. HP: 18/18 MP: 2/2
    26 | D:1      | Escaped the Abyss
   209 | D:1      | Reached XP level 2. HP: 21/24 MP: 3/3
   394 | D:1      | Found a sparkling altar of Nemelex Xobeh.
   854 | D:2      | Found an ornate altar of the Wu Jian Council.
   891 | D:2      | Reached XP level 3. HP: 23/29 MP: 4/4
  1231 | D:2      | Found an iron altar of Okawaru.
  1529 | D:3      | Reached ** piety under Lugonu
  1639 | D:3      | Found an opulent altar of Gozag.
  1803 | D:3      | Found a snail-covered altar of Cheibriados.
  1891 | D:3      | Noticed a scorpion
  1899 | D:3      | Killed a scorpion
  1899 | D:3      | Reached XP level 4. HP: 18/37 MP: 5/5
  2212 | D:3      | Found a shattered altar of Ashenzari.
  2456 | D:4      | Reached XP level 5. HP: 37/42 MP: 6/6
  3242 | D:4      | Reached XP level 6. HP: 44/48 MP: 8/8
  3777 | D:4      | Found a basalt altar of Yredelemnul.
  3896 | D:4      | Found a burning altar of Makhleb.
  3948 | D:4      | Noticed Grinder
  3949 | D:4      | Noticed Grinder
  3949 | D:4      | Grinder changed into Grinder the crimson imp
  4001 | D:4      | Killed Grinder the crimson imp
  4167 | D:4      | Found an iron altar of Okawaru.
  4170 | D:4      | Found the +8 trident of the Octopus King {venom, rElec rPois MR+}
  4367 | D:5      | Entered Level 5 of the Dungeon
  4370 | D:5      | Reached XP level 7. HP: 55/55 MP: 9/9
  4691 | D:5      | Noticed Eustachio
  4701 | D:5      | Killed Eustachio
  4907 | D:5      | Killed from afar by a dart slug

Skill      XL: |  1  2  3  4  5  6 |
---------------+-------------------+-----
Long Blades    | 2 3 4 |  4.6
Invocations    | 2 3 |  3.6
Armour         | 2 3 |  3.2
Fighting       | 4 |  4.8
Dodging        | |  0.7

Action                   |  1- 3 |  4- 6 |  7- 9 || total
-------------------------+-------+-------+-------++-------
Melee: Falchion          |   124 |    68 |       ||   192
       Short sword       |       |   125 |       ||   125
       Trident           |       |    15 |    23 ||    38
 Fire: Hunting sling     |       |     7 |       ||     7
Evoke: Wand              |       |     5 |       ||     5
  Use: Scroll            |     5 |     3 |       ||     8
Armor: Leather armour    |    11 |       |     4 ||    15
       Scale mail        |    48 |    88 |     6 ||   142
Dodge: Dodged            |    66 |    90 |    38 ||   194
Block: Buckler           |    11 |    21 |     4 ||    36
       Rpst.: Falchion   |    17 |    15 |       ||    32
